 Dungeon Crawl Stone Soup version 0.14-a0-1403-g5d3c58f (webtiles) character file.

75 PolkaDot the Ducker (level 3, 0/28 HPs)
             Began as a Vampire Death Knight on Dec 10, 2013.
             Was a Follower of Yredelemnul.
             Slain by a gnoll
             ... wielding a +0,+0 spear
              (4 damage)
             ... on Level 2 of the Dungeon.
             The game lasted 00:02:51 (959 turns).

PolkaDot the Ducker (Vampire Death Knight)           Turns: 959, Time: 00:02:51

HP   0/28        AC  3     Str 12      XL: 3   Next: 19%
MP   1/4         EV 11     Int 13      God: Yredelemnul [*.....]
Gold 39          SH  0     Dex 14      Spells:  0 memorised,  2 levels left

rFire  . . .     SeeInvis +     a - +1 short sword
rCold  . . .     Clarity  .     b - +0 leather armour
rNeg   + . .     Conserve .     (no shield)
rPois  .         rCorr    .     (no helmet)
rElec  .         rRot     .     (no cloak)
SustAb . .       Spirit   .     (no gloves)
rMut   .         Warding  .     (no boots)
Saprov . . .     Stasis   .     (no amulet)
                                (no ring)
                                (no ring)

@: hasted, very quick, slightly resistant to hostile enchantments, unstealthy
A: fangs 3, see invisible, unbreathing
a: Bat Form, Animate Remains, Renounce Religion


You were on level 2 of the Dungeon.
You worshipped Yredelemnul.
Yredelemnul was aware of your devotion.
You were not thirsty.

You visited 1 branch of the dungeon, and saw 2 of its levels.

You collected 39 gold pieces.

Inventory:

Hand weapons
 a - a +1,+1 short sword (weapon)
Armour
 b - a +0 leather armour (worn)
Scrolls
 c - a scroll of enchant weapon I {unknown}
 d - 3 scrolls of identify {unknown}
 l - a scroll of teleportation {unknown}
Potions
 f - a potion of heal wounds {unknown}
 k - a potion of curing {unknown}
 m - a potion of resistance {unknown}


   Skills:
 + Level 2.3 Fighting
 + Level 2.4 Short Blades
 - Level 0.7 Armour
 * Level 2.7 Dodging
 - Level 2.4 Invocations


You had 2 spell levels left.
You didn't know any spells.

Dungeon Overview and Level Annotations

Branches:
Dungeon (2/16)

Altars:


Innate Abilities, Weirdness & Mutations

You have razor-sharp teeth.*
You have supernaturally acute eyesight.
You can survive without breathing.*


Message History

The gnoll is moderately wounded.
The gnoll hits you with a spear.
Your adder skeleton misses the gnoll.
Your hobgoblin skeleton hits the gnoll but does no damage.
You are too injured to fight recklessly!
You are too injured to fight recklessly!
You hit the gnoll but do no damage. Your bite misses the gnoll.
The gnoll is moderately wounded.
Your adder skeleton bites the gnoll.
The gnoll closely misses you.
You hit the gnoll.
The gnoll is heavily wounded.
Your hobgoblin skeleton barely misses the gnoll.
Your adder skeleton barely misses the gnoll.
The gnoll hits you with a spear!
* * * LOW HITPOINT WARNING * * *
Drink which item? (? for menu, Esc to quit)
You feel yourself speed up.
It was a potion of speed.
Your hobgoblin skeleton barely misses the gnoll.
Your adder skeleton bites the gnoll.
The gnoll hits you with a spear.
You die...
Yredelemnul claims you as an undead slave.

. ########..
#######..........
#.zzz##..........
#<##..........
#.##..zz.......
#....z@g.......
#####.z!......#
...z.......
#..........#
#.#........#
#.#........
#.#....... #
#...... #.##


You could see a gnoll, a friendly rat zombie, a friendly goblin zombie, a
friendly adder skeleton, a friendly hobgoblin skeleton and a friendly kobold
skeleton.

Vanquished Creatures
  An adder (D:2)
  A giant gecko (D:1)
  A giant cockroach (D:1)
  3 goblins (D:1)
  4 hobgoblins (D:1)
  3 kobolds (D:1)
  5 bats (D:1)
  2 giant newts (D:1)
  2 rats (D:1)
22 creatures vanquished.

Vanquished Creatures (collateral kills)
  A gnoll (D:2)
  A kobold (D:1)
2 creatures vanquished.

Vanquished Creatures (others)
  A bat skeleton (D:2)
  A bat zombie (D:2)
  A giant gecko zombie (D:2)
  A goblin skeleton (D:2)
  A goblin zombie (D:2)
5 creatures vanquished.

Grand Total: 29 creatures vanquished

Notes
Turn   | Place    | Note
--------------------------------------------------------------
     0 | D:1      | PolkaDot, the Vampire Death Knight, began the quest for the Orb.
     0 | D:1      | Reached XP level 1. HP: 16/16 MP: 1/1
   149 | D:1      | Reached XP level 2. HP: 11/22 MP: 2/2
   838 | D:2      | Reached XP level 3. HP: 22/27 MP: 2/4
   959 | D:2      | Slain by a gnoll

Action                   || total
-------------------------++-------
Melee: Short sword       ||    83
Invok: Animate Remains   ||    14
  Use: Potion            ||     2
 Stab: Distracted        ||     1
